 Dungeon Crawl Stone Soup version 0.28-a0-518-g36894cfc38 (webtiles) character file.

Game seed: 7367272251034329335

540 Froggeryz the Chiller (level 6, -4/46 HPs)
             Began as a Demigod Ice Elementalist on Sept 23, 2021.
             Slain by a black bear (12 damage)
             ... on level 4 of the Dungeon.
             The game lasted 00:07:05 (5706 turns).

Froggeryz the Chiller (Demigod Ice Elementalist)    Turns: 5706, Time: 00:07:06

Health: -4/46      AC:  2    Str:  9    XL:     6   Next: 76%
Magic:  12/16      EV: 12    Int: 31    God:
Gold:   207        SH:  0    Dex: 14    Spells: 10/14 levels left

rFire   . . .      SeeInvis .   l - staff of cold
rCold   + . .      Faith    .   (no shield)
rNeg    . . .      Spirit   .   a - +0 robe
rPois   .          Reflect  .   (no helmet)
rElec   .          Harm     .   (no cloak)
rCorr   .          Rampage  .   (no gloves)
Will    .....                   (no boots)
Stlth   ++........              (no amulet)
HPRegen 0.15/turn               g - +6 ring of intelligence
MPRegen 0.15/turn               (no ring)

@: freezing walls
A: high mp 1, forlorn
a: no special abilities


You were on level 4 of the Dungeon.
You visited 1 branch of the dungeon, and saw 4 of its levels.

You collected 207 gold pieces.

Inventory:

Hand Weapons
 n - the +6 long sword "Ibriz" {drain, Str+4}
   (You found it on level 4 of the Dungeon)

   A truly terrible weapon, it drains the life of any living foe it strikes.
   Str:       It affects your strength (+4).
Armour
 a - a +0 robe (worn)
Magical Staves
 l - a staff of cold (weapon)
Jewellery
 g - a +6 ring of intelligence (left hand)
Wands
 j - a wand of paralysis (6)
 o - a wand of polymorph (10)
Scrolls
 b - a scroll of teleportation {unknown}
 f - a scroll of fear {unknown}
 h - a scroll of enchant armour {unknown}
 m - a scroll of immolation {unknown}
 p - a scroll of fog {unknown}
Potions
 c - 2 potions of degeneration {unknown}
 d - a potion of curing {unknown}
 e - 2 potions of lignification {unknown}
 i - 2 potions of brilliance {unknown}
 k - a potion of mutation {unknown}
 q - a potion of flight {unknown}


   Skills:
 + Level 0.4 Fighting
 - Level 1.7 Dodging
 - Level 1.7 Stealth
 - Level 4.6 Spellcasting
 + Level 6.1 Ice Magic


You had 10 spell levels left.
You knew the following spells:

 Your Spells              Type           Power      Damage    Failure   Level
a - Freeze                Ice            100%       1d11      1%          1
b - Frozen Ramparts       Ice            100%       1d12      1%          3

Your spell library contained the following spells:

 Spells                   Type           Power      Damage    Failure   Level
 Ozocubu's Armour         Ice            61%        N/A       1%          3
 Hailstorm                Conj/Ice       39%        3d9       16%         4


Dungeon Overview and Level Annotations

Branches:
Dungeon (4/15)
 Temple: D:4-7

Annotations:
D:2 Terence
D:3 Grinder


Innate Abilities, Weirdness & Mutations

Your attributes grow dramatically as you level up.
You have an increased reservoir of magic. (+10% MP)
You shall have no god before yourself.


Message History

You open the door.
There is an open door here.
You now have 207 gold pieces (gained 7).
Found an escape hatch in the floor.
A black bear comes into view.
A black bear is nearby!
The black bear misses you. The black bear closely misses you.
The black bear claws you.
There is an escape hatch in the floor here.
Casting: Freeze (safe; 1% risk of failure)
Confirm with . or Enter, or press ? or * to list all spells.
Casting: Frozen Ramparts (safe; 1% risk of failure)
Press: ? - help, Dir - look around, f - activate An escape hatch in the floor.
You feel a surge of power!
The walls around you are covered in ice.
The wall freezes the black bear!
The black bear barely misses you. The black bear claws you.
The black bear claws you but does no damage.
Casting: Frozen Ramparts (safe; 1% risk of failure)
Confirm with . or Enter, or press ? or * to list all spells.
Aiming: Freeze (safe; 1% risk of failure)
Press: ? - help, Shift-Dir - straight line, f - black bear
Aim: a black bear (moderately wounded)
You feel a surge of power!
You freeze the black bear.
The black bear is moderately wounded.
The wall freezes the black bear.
The black bear bites you! The black bear claws you. x2
You completely miss the black bear.
The black bear is heavily wounded.
The wall freezes the black bear!
The black bear goes berserk!
You closely miss the black bear.
The black bear is severely wounded.
The wall freezes the black bear.
The black bear bites you! The black bear claws you.
* * * LOW HITPOINT WARNING * * *
The black bear claws you.
* * * LOW HITPOINT WARNING * * *
The wall freezes the black bear.
The black bear bites you!
You die...

#>..........†...†.
+#............#.###
......##'######.###
...... #.#.........
......##.#.###.....
#.#.........######
#.#.#.......######
#h#...............
#@###.............
#...........######
#+###.......#
###....... +.......
....... ......
#####


You could see a black bear (berserk).

Vanquished Creatures
  Menkaure (D:4)
  A centaur zombie (D:4)
  A hound (D:4)
  An orc priest (D:3)
  2 iguanas (D:4)
  Natasha (thrice) (D:2)
  7 gnolls
  5 adders
  A shadow imp (D:4)
  A worm (D:4)
  A dart slug (D:1)
  5 orcs
  2 ball pythons (D:1)
  9 bats
  7 endoplasms
  2 giant cockroaches
  A goblin (D:3)
  8 hobgoblins
  5 jackals
  4 quokkas
  3 frilled lizards
  8 kobolds
  6 rats
84 creatures vanquished.

Notes
Turn   | Place    | Note
-------+----------+-------------------------------------------
     0 | D:1      | Froggeryz the Demigod Ice Elementalist began the quest for
                  | the Orb.
     0 | D:1      | Reached XP level 1. HP: 14/14 MP: 5/5
   661 | D:1      | Reached XP level 2. HP: 19/20 MP: 2/7
   895 | D:1      | Reached skill level 4 in Ice Magic
  1660 | D:1      | Reached XP level 3. HP: 24/26 MP: 7/9
  2236 | D:2      | Noticed Terence
  2631 | D:2      | Noticed Natasha
  2638 | D:2      | Killed Natasha
  2639 | D:2      | Reached XP level 4. HP: 17/33 MP: 7/11
  2733 | D:2      | Noticed Natasha
  2737 | D:2      | Killed Natasha
  3356 | D:3      | Reached XP level 5. HP: 12/38 MP: 7/13
  3515 | D:2      | Noticed Natasha
  3522 | D:2      | Killed Natasha
  3523 | D:2      | Reached skill level 5 in Ice Magic
  3909 | D:3      | Noticed Grinder
  3930 | D:2      | Learned a level 3 spell: Frozen Ramparts
  4998 | D:4      | Noticed Menkaure
  5007 | D:4      | Identified the +6 long sword "Ibriz" {drain, Str+4}
  5041 | D:4      | Killed Menkaure
  5042 | D:4      | Reached XP level 6. HP: 43/45 MP: 9/15
  5380 | D:4      | Reached skill level 6 in Ice Magic
  5706 | D:4      | Slain by a black bear

Illustrated notes

Levels and vault maps discovered:
D:1:      minmay_arrival_jagged, layout_basic, hellmonk_ecumenical_altar_run_dry
D:2:      layout_basic, uniq_natasha, uniq_terence
D:3:      layout_basic, uniq_grinder
D:4:      cheibrodos_barr_body, layout_basic, uniq_menkaure

Skill      XL: |  1  2  3  4  5  6 |
---------------+-------------------+-----
Spellcasting   | 2 3 4 |  4.6
Ice Magic      | 4 5 6 |  6.1
Fighting       | |  0.4
Dodging        | |  1.7
Stealth        | |  1.7

Action                   |  1- 3 |  4- 6 || total
-------------------------+-------+-------++-------
Melee: Unarmed           |    15 |     6 ||    21
       Long sword        |       |    28 ||    28
       Short sword       |       |     4 ||     4
       Staff             |       |     7 ||     7
 Cast: Freeze            |    66 |    64 ||   130
       Frozen Ramparts   |       |     4 ||     4
Evoke: Wand              |       |     1 ||     1
 Stab: Sleeping          |     1 |     2 ||     3
       Paralysed         |       |     4 ||     4
Armor: Robe              |    15 |    13 ||    28
Dodge: Dodged            |    46 |    63 ||   109

Table legend: (Time is in decaauts)
 A = Elapsed time spent in this place.
 B = Non-inter-level travel time spent in this place.
 C = Inter-level travel time spent in this place.
 D = Time resting spent in this place.
 E = Time spent auto-exploring this place.
 F = Levels seen in this place.
 G = Mean time per level.
                   A        B        C        D        E       F      G
               +--------+--------+--------+--------+--------+-----+--------+
         Total |   5725 |   5484 |    241 |    795 |   3881 |   4 | 1431.2 |
       Dungeon |   5725 |   5484 |    241 |    795 |   3881 |   4 | 1431.2 |
               +--------+--------+--------+--------+--------+-----+--------+

Top non-repeatable levels by time:
     D:1: 1909 daAuts
     D:2: 1774 daAuts
     D:3: 1239 daAuts
     D:4: 801 daAuts
